 Dungeon Crawl Stone Soup version 0.31-a0-208-gdb31a4691d (webtiles) character file.

Game seed: 2647595061505351984

301 innerfire43 the Trooper (level 6, -4/50 HPs)
             Began as a Demonspawn Monk on June 28, 2023.
             Slain by Menkaure (20 damage)
             ... on level 4 of the Dungeon.
             The game lasted 00:03:18 (3167 turns).

innerfire43 the Trooper (Demonspawn Monk)           Turns: 3167, Time: 00:03:18

Health: -4/50      AC:  4    Str: 19    XL:     6   Next: 14%
Magic:  6/6        EV: 13    Int: 12    God:
Gold:   250        SH:  0    Dex: 15    Spells: 5/5 levels left

rFire   . . .        a - +0 hand axe
rCold   . . .        d - orb {light}
rNeg    . . .        b - +1 robe
rPois   .            (helmet restricted)
rElec   .            (no cloak)
rCorr   .            (no gloves)
SInv    .            (no boots)
Will    +....        n - amulet of regeneration
Stlth   +            q - +6 ring of strength
HPRegen 1.08/turn    s - ring of willpower
MPRegen 0.10/turn

%: no passive effects
@: glowing
A: antennae 1, rugged brown scales 1, demonic magic 1
a: no special abilities


You were on level 4 of the Dungeon.
You visited 1 branch of the dungeon, and saw 4 of its levels.

You collected 250 gold pieces.

Inventory:

Hand Weapons
 a - a +0 hand axe (weapon)
Armour
 b - a +1 robe (worn)
 d - an orb of light (worn)
 r - a +0 robe of willpower
Jewellery
 n - an amulet of regeneration (around neck)
 q - a +6 ring of strength (left hand)
 s - a ring of willpower (right hand)
Wands
 j - a wand of paralysis (13)
 o - a wand of digging (1)
Scrolls
 e - a scroll of enchant armour
 g - 3 scrolls of teleportation
 h - 3 scrolls of fog
 k - a scroll of enchant weapon {unknown}
 m - 2 scrolls of noise
 p - a scroll of fear {unknown}
Potions
 c - a potion of ambrosia
 f - a potion of haste {unknown}
 i - 2 potions of curing {unknown}
 l - a potion of invisibility {unknown}


   Skills:
 + Level 4.7 Fighting
 + Level 4.2 Axes
 + Level 4.2 Dodging


You had 5 spell levels left.
You didn't know any spells.
Your spell library contained the following spells:

 Spells                   Type           Power      Damage    Failure   Level
 Foxfire                  Conj/Fire      0%         2x1d4     32%         1
 Fireball                 Conj/Fire      0%         3d3       100%        5
 Plasma Beam              Fire/Air       0%         2x1d10    100%        6
 Starburst                Conj/Fire      0%         6d3       100%        6


Dungeon Overview and Level Annotations

Branches:
Dungeon (4/15)
 Temple: D:4-7

Altars:
Dithmenos
Gozag

Shops:
D:1 ?   D:2 ?

Annotations:
D:4 Menkaure


Innate Abilities, Weirdness & Mutations

You have a pair of small antennae on your head.
You are partially covered in rugged brown scales. (AC +1, +3% HP)
Spells you cast may paralyse adjacent enemies.


Message History

You hit the dart slug but do no damage. You closely miss the goblin.
You hit Menkaure but do no damage. The dart slug bites you.
Menkaure gestures at you while chanting.
You resist with some effort. The goblin closely misses you.
Unknown command.
You slash the dart slug!
The dart slug is severely wounded.
You hit the goblin but do no damage. You hit Menkaure.
Menkaure closely misses you. The dart slug misses you. The goblin misses you.
Unknown command.
You hit the dart slug.
The dart slug is almost dead.
You completely miss Menkaure. You hit the goblin but do no damage.
Menkaure hits you. The goblin hits you with a +0 dagger.
Menkaure barely misses you. The dart slug barely misses you.
Unknown command.
You hit the dart slug.
You kill the dart slug!
You hit the goblin but do no damage. You barely miss Menkaure.
Menkaure hits you! The goblin misses you.
Unknown command.
Menkaure barely misses you. The goblin hits you but does no damage.
Unknown command.
You slash Menkaure!
Menkaure is severely damaged.
You hit the goblin.
You kill the goblin!
Menkaure sighs, "It doesn't hurt if you pull your brain out of your nose yourself."
Menkaure points at you and mumbles some strange words.
You resist with some effort. Menkaure hits you!
* * * LOW HITPOINT WARNING * * *
You completely miss Menkaure.
Menkaure is severely damaged.
Menkaure casts a spell at you. You resist with some effort.
Unknown command.
You hit Menkaure.
Menkaure is almost destroyed.
Menkaure hits you!!
You die...

################
####...............
..................
.................
.$......########
...####....##### #.#
#.........
######)####......^..
#.....@..$............
#.....M####............
#......# #.##.........
#......# #.# ######...
#......# #.# ...
######## #.# ... #.##
... #..# ... ####'####
...


You could see Menkaure (fast).

Vanquished Creatures
  An ogre (D:4)
  The ghost of porpoise the Shooter, an amateur TeHu (D:3)
  An iguana (D:4)
  4 adders
  2 worms
  3 dart slugs
  5 orcs
  5 ball pythons
  6 bats
  5 endoplasms
  4 giant cockroaches
  6 goblins
  9 hobgoblins
  2 quokkas
  3 frilled lizards
  4 kobolds
  2 rats (D:1)
63 creatures vanquished.

Notes
Turn   | Place    | Note
-------+----------+-------------------------------------------
     0 | D:1      | innerfire43 the Demonspawn Monk began the quest for the
                  | Orb.
     0 | D:1      | Reached XP level 1. HP: 18/18 MP: 1/1
   183 | D:1      | Gained mutation: You are partially covered in rugged brown
                  | scales. (AC +1, +3% HP) [demonic ancestry]
   183 | D:1      | Reached XP level 2. HP: 18/24 MP: 2/2
   619 | D:1      | Found Zusipnan's Magic Scroll Shop.
  1086 | D:2      | Gained mutation: You have a pair of small antennae on your
                  | head. [demonic ancestry]
  1086 | D:2      | Reached XP level 3. HP: 23/29 MP: 3/3
  1164 | D:2      | Found Jilomp's Magic Scroll Emporium.
  1829 | D:3      | Noticed porpoise's ghost (amateur TeHu)
  1840 | D:3      | Found a runed translucent gate.
  1840 | D:3      | Found a runed translucent gate.
  1840 | D:3      | Found a runed translucent gate.
  1889 | D:3      | Found a shadowy altar of Dithmenos.
  2037 | D:3      | Reached XP level 4. HP: 30/38 MP: 4/4
  2644 | D:3      | Found an opulent altar of Gozag.
  2723 | D:3      | HP: 1/38 [porpoise's ghost (8)]
  2725 | D:3      | Killed porpoise's ghost
  2726 | D:3      | Gained mutation: Spells you cast may paralyse adjacent
                  | enemies. [demonic ancestry]
  2726 | D:3      | Reached XP level 5. HP: 4/43 MP: 5/5
  2915 | D:4      | Noticed an ogre
  2928 | D:4      | Killed an ogre
  2929 | D:4      | Reached XP level 6. HP: 6/50 MP: 6/6
  3154 | D:4      | Noticed Menkaure
  3167 | D:4      | Slain by Menkaure

Illustrated notes

Levels and vault maps discovered:
D:1:      wheals_arrival_linesprint, layout_basic, serial_shops,
          nicolae_shop_rolled_up, serial_curves, eino_curves_02, eino_curves_01
D:2:      layout_loops_ring, serial_shops, shop
D:3:      layout_loops_corners, pdpol_temple_overflow_zin_treasury_gozag_greed,
          mainiacjoe_overflow_alcove_1, gammafunk_ghost_split
D:4:      layout_basic, minivault_26, uniq_menkaure

Skill      XL: |  1  2  3  4  5 |
---------------+----------------+-----
Axes           | 3 4 |  4.2
Dodging        | 3 4 |  4.2
Fighting       | 4 |  4.7

Action                     |  1- 3 |  4- 6 || total
---------------------------+-------+-------++-------
  Melee: Hand axe          |   104 |   124 ||   228
    Use: Scroll            |     5 |     1 ||     6
         Potion            |       |     3 ||     3
 Armour: Robe              |    20 |    23 ||    43
  Dodge: Dodged            |    83 |   101 ||   184

Table legend: (Time is in decaauts)
 A = Elapsed time spent in this place.
 B = Non-inter-level travel time spent in this place.
 C = Inter-level travel time spent in this place.
 D = Time resting spent in this place.
 E = Time spent auto-exploring this place.
 F = Levels seen in this place.
 G = Mean time per level.
                   A        B        C        D        E       F      G
               +--------+--------+--------+--------+--------+-----+--------+
         Total |   3194 |   3141 |     53 |      0 |   2577 |   4 |  798.5 |
       Dungeon |   3194 |   3141 |     53 |      0 |   2577 |   4 |  798.5 |
               +--------+--------+--------+--------+--------+-----+--------+

Top non-repeatable levels by time:
     D:3: 1141 daAuts
     D:1: 1081 daAuts
     D:2: 589 daAuts
     D:4: 382 daAuts
